 Dungeon Crawl Stone Soup version 0.29-a0-542-g075992c915 (webtiles) character file.

Game seed: 5539504509557106869

429 jt the Chopper (level 7, -6/57 HPs)
             Began as a Meteoran Fighter on June 3, 2022.
             Was an Initiate of Qazlal.
             Killed by divine providence
             ... invoked by an orc priest
              (14 damage)
             ... on level 5 of the Dungeon.
             The game lasted 00:06:16 (1064 turns).

jt the Chopper (Meteoran Fighter)                   Turns: 1064, Time: 00:06:18

Health: -6/57      AC: 10    Str: 19    XL:     7   Next: 43%
Magic:  8/8        EV:  7    Int: 11    God:    Qazlal [......]
Gold:   55         SH:  5    Dex: 13    Spells: 6/6 levels left

rFire   . . .      SeeInvis .   a - +2 war axe (vorpal)
rCold   . . .      Faith    .   c - +0 buckler
rNeg    . . .      Spirit   .   m - +0 chain mail
rPois   +          Reflect  .   (no helmet)
rElec   .          Harm     .   (no cloak)
rCorr   .          Rampage  .   (no gloves)
Will    .....                   i - +0 pair of boots
Stlth   ..........              (no amulet)
HPRegen 0.19/turn               d - ring of poison resistance
MPRegen 0.11/turn               (no ring)

@: glowing
A: sense surroundings 1, otherworldly, glowing, explore regen
a: Renounce Religion


You were on level 5 of the Dungeon.
You worshipped Qazlal.
Qazlal was noncommittal.
You visited 2 branches of the dungeon, and saw 6 of its levels.

You collected 55 gold pieces.

Inventory:

Hand Weapons
 a - a +2 vorpal war axe (weapon)
 b - a +0 war axe
 k - a +3 hunting sling
Missiles
 f - 80 stones (quivered)
Armour
 c - a +0 buckler (worn)
 i - a +0 pair of boots (worn)
 m - a +0 chain mail (worn)
Magical Staves
 h - a staff of conjuration
Jewellery
 d - a ring of poison resistance (left hand)
Scrolls
 e - a scroll of identify
 g - a scroll of fear
 l - 3 scrolls of teleportation


   Skills:
 - Level 3.2 Fighting
 + Level 7.2 Axes
 - Level 3.6 Armour
 - Level 6.0 Shields


You had 6 spell levels left.
You didn't know any spells.
Your spell library contained the following spells:

 Spells                   Type           Power      Damage    Failure   Level
 Apportation              Tloc           0%         N/A       99%         1
 Scorch                   Fire           0%         2d5       100%        2
 Portal Projectile        Hex/Tloc       0%         N/A       100%        3
 Tukima's Dance           Hex            0%         N/A       100%        3
 Flame Wave               Conj/Fire      0%         2d4       100%        4
 Alistair's Intoxication  Tmut/Pois      0%         N/A       100%        5
 Blade Hands              Tmut           0%         N/A       100%        5
 Summon Cactus Giant      Summ           0%         N/A       100%        6


Dungeon Overview and Level Annotations

Branches:
Dungeon (5/15)             Temple (1/1) D:4

Altars:
Cheibriados
Dithmenos
Fedhas
Hepliaklqana
Makhleb
Qazlal
Ru
Sif Muna
Trog
Uskayaw
Vehumet
Wu Jian
Xom
Yredelemnul
Zin


Innate Abilities, Weirdness & Mutations

You passively map a small area around you.
You are easily found by Zot.
You glow in the dark.
You regain HP and MP as you explore.


Message History

An orc priest comes into view. It is wielding a +0 whip.
You slash the hound!
You kill the hound!
Qazlal accepts your kill.
An orc wizard comes into view. It is wielding a +0 dagger.
The orc wizard shouts!
You aren't carrying any items that you can evoke.
You aren't carrying any potions.
Okay, then.
You closely miss the orc priest. You slash the orc!
You kill the orc!
Qazlal accepts your kill.
The orc priest hits you but does no damage.
The orc priest mumbles some strange prayers to Beogh against you.
Beogh smites you! You block the orc priest's attack.
You are too injured to fight recklessly!
You are too injured to fight recklessly!
You are too injured to fight recklessly!
You barely miss the orc priest. You hit the orc priest.
The orc priest looks braver for a moment.
You hit the orc priest.
The orc priest is heavily wounded.
You closely miss the orc wizard.
The orc priest invokes the aid of Beogh against you.
Beogh smites you!
* * * LOW HITPOINT WARNING * * *
You closely miss the orc priest.
The orc priest is heavily wounded.
You closely miss the orc wizard.
The orc priest invokes the aid of Beogh against you.
Beogh smites you!
* * * LOW HITPOINT WARNING * * *
You block the orc wizard's attack.
You slash the orc priest!
You kill the orc priest!
Qazlal accepts your kill.
You barely miss the orc priest. You hit the orc wizard.
The orc priest invokes the aid of Beogh against you.
Beogh smites you!
You die...

, , * , ,, , ,...... ,
#.... ,, , #####....., , ,
, ..#..... *. .. ......,
..., * ... ####...## ..#*
...##....)o.##..#.........
......##.o@)....#........##
*
.##....#...................
.........))................
..#.........##....#........
*####......###..........#.
#..........)##......#.
#............#......#.
###.....................
##...........#...........


You could see an orc priest and an orc wizard.

Vanquished Creatures
  2 ogres
  A necrophage (D:5)
  2 orc priests (D:5)
  A hound (D:5)
  A gnoll shaman (D:5)
  An iguana (D:5)
  3 gnolls (D:5)
  An adder (D:2)
  2 dart slugs (D:4)
  7 orcs
  4 ball pythons
  2 endoplasms
  A goblin (D:4)
  4 hobgoblins
  6 jackals
  3 kobolds
  2 bats
  2 rats (D:3)
45 creatures vanquished.

Notes
Turn   | Place    | Note
-------+----------+-------------------------------------------
     0 | D:1      | jt the Meteoran Fighter began the quest for the Orb.
     0 | D:1      | Reached XP level 1. HP: 19/19 MP: 2/2
    33 | D:1      | Reached skill level 3 in Axes
    33 | D:1      | Reached XP level 2. HP: 16/26 MP: 3/3
   113 | D:2      | Reached skill level 4 in Axes
   113 | D:2      | Reached XP level 3. HP: 30/31 MP: 4/4
   311 | D:4      | Found a staircase to the Ecumenical Temple.
   320 | Temple   | Entered the Ecumenical Temple
   514 | D:4      | Reached XP level 4. HP: 26/38 MP: 5/5
   673 | Temple   | Became a worshipper of Qazlal Stormbringer
   718 | D:4      | Noticed an ogre
   900 | D:4      | Killed an ogre
   901 | D:4      | Reached skill level 5 in Axes
   901 | D:4      | Reached XP level 5. HP: 34/45 MP: 6/6
   909 | D:5      | Entered Level 5 of the Dungeon
   938 | D:5      | Reached skill level 5 in Shields
   944 | D:5      | Reached XP level 6. HP: 27/51 MP: 7/7
   997 | D:5      | Found a hide-covered altar of Uskayaw.
  1027 | D:5      | Reached skill level 6 in Axes
  1043 | D:5      | Noticed an ogre
  1052 | D:5      | Killed an ogre
  1053 | D:5      | Reached XP level 7. HP: 43/57 MP: 8/8
  1054 | D:5      | Reached skill level 7 in Axes
  1064 | D:5      | Killed from afar by an orc priest

Illustrated notes

Levels and vault maps discovered:
D:1:      roderic_octagonal_star, layout_rooms
D:2:      layout_loops_cross, shapermc_ecumenical_altar_pompeii
D:3:      layout_basic, nicolae_tso_besieged_by_evil
D:4:      layout_cave_pods, lemuel_crystal_altar, mainiacjoe_overflow_swirl,
          minmay_temple_entry_statues_pillars
D:5:      layout_cave_pools, kennysheep_mini_moat,
          hellmonk_ghost_happy_afterlife
Temple:   eino_narrow_crystal_temple

Skill      XL: |  1  2  3  4  5  6  7 |
---------------+----------------------+-----
Axes           | 3 4 5 6 7 |  7.2
Shields        | 4 5 6 |  6.0
Fighting       | |  3.2
Armour         | |  3.6

Action                   |  1- 3 |  4- 6 |  7- 9 || total
-------------------------+-------+-------+-------++-------
Melee: War axe           |    37 |    48 |     8 ||    93
  Use: Scroll            |       |     2 |       ||     2
       Potion            |       |     2 |       ||     2
Armor: Scale mail        |    31 |     1 |       ||    32
       Chain mail        |       |    14 |     1 ||    15
Dodge: Dodged            |    15 |    10 |     1 ||    26
Block: Buckler           |    10 |    14 |     2 ||    26

Table legend: (Time is in decaauts)
 A = Elapsed time spent in this place.
 B = Non-inter-level travel time spent in this place.
 C = Inter-level travel time spent in this place.
 D = Time resting spent in this place.
 E = Time spent auto-exploring this place.
 F = Levels seen in this place.
 G = Mean time per level.
                   A        B        C        D        E       F      G
               +--------+--------+--------+--------+--------+-----+--------+
         Total |   1069 |   1001 |     68 |      0 |     43 |   6 |  178.2 |
       Dungeon |    893 |    832 |     61 |      0 |     43 |   5 |  178.6 |
        Temple |    176 |    169 |      7 |      0 |      0 |   1 |  176.0 |
               +--------+--------+--------+--------+--------+-----+--------+

Top non-repeatable levels by time:
     D:4: 318 daAuts
     D:3: 197 daAuts
  Temple: 176 daAuts
     D:5: 160 daAuts
     D:2: 115 daAuts
     D:1: 101 daAuts
